AoeStats
← kshatru_zan

Arena

509146788Analyzed
4v4 RM · 6d ago on Sep 25, 2026· 92m 33s· 8 players
Game mode
Random Map
Map size
Large (8 player)
Population
200
Speed
Normal
Resources
Standard
Victory
Conquest
Starting age
Dark Age
Ending age
Imperial Age
RankedLock teamsTeams togetherTeam positionsShared explorationLock speedFull tech treeHidden civsTurbo modeCheats
Victory
Defeat
🇪🇸 Portuguese · Spain
835
+16
🇦🇹 Dravidians · Austria
832
+16
🇹🇷 Magyars · Türkiye
813
+17
🇮🇳 Slavs · India
735
+20
🇨🇳 Poles · China
917
-20
🇮🇳 Byzantines · India
887
-20
🇺🇸 Bohemians · United States
780
-15
🇨🇳 Britons · China
757
-14
Kai_sp
0:48 Loom
14:21 Feudal Age
18:52 Castle Age
16:54 Double-Bit Axe
17:41 Horse Collar
17:55 Gold Mining
18:01 Stone Mining
19:17 Man-at-Arms
23:33 Murder Holes
24:12 Pikeman
26:23 Scale Mail Armor
26:33 Forging
38:28 Imperial Age
37:15 Chain Mail Armor
38:58 Bow Saw
40:16 Chemistry
39:29 Halberdier
41:12 Heavy Plow
46:07 Ballistics
46:40 Arquebus
47:42 Gambesons
52:28 Plate Mail Armor
52:35 Iron Casting
52:42 Elite Organ Gun
53:40 Siege Engineers
53:50 Caravan
57:32 Blast Furnace
67:03 Arson
75:25 Bombard Tower
74:56 Guard Tower
78:49 Long Swordsman
80:25 Two-Handed Swordsman
81:03 Champion
GK
0:36 Loom
5:42 Loom
11:25 Feudal Age
13:04 Town Watch
13:10 Town Watch
14:08 Wheelbarrow
13:35 Double-Bit Axe
13:51 Horse Collar
22:50 Castle Age
21:46 Gold Mining
21:46 Stone Mining
25:07 Hand Cart
24:56 Town Patrol
25:29 Bow Saw
26:33 Gold Shaft Mining
26:22 Pikeman
38:21 Heavy Plow
42:01 Imperial Age
40:56 Fletching
41:06 Scale Mail Armor
41:07 Padded Archer Armor
41:12 Scale Barding Armor
41:09 Caravan
41:40 Coinage
43:43 Hoardings
42:39 Sappers
43:29 Conscription
43:12 Corvinian Army
44:44 Recurve Bow
44:06 Elite Magyar Huszar
45:32 Chain Mail Armor
45:12 Bodkin Arrow
45:37 Chain Barding Armor
45:33 Leather Archer Armor
45:51 Banking
46:19 Crop Rotation
46:51 Two-Man Saw
46:52 Corvinian Army
48:37 Cavalier
49:17 Husbandry
48:40 Light Cavalry
51:02 Bloodlines
50:13 Hussar
50:15 Crossbowman
51:00 Thumb Ring
50:17 Elite Skirmisher
51:24 Parthian Tactics
52:08 Banking
58:57 Plate Barding Armor
58:22 Bracer
58:23 Murder Holes
58:38 Masonry
58:34 Siege Engineers
58:20 Guard Tower
61:00 Heated Shot
60:50 Treadmill Crane
61:30 Ballistics
62:11 Chemistry
61:42 Ring Archer Armor
61:35 Shipwright
61:25 Clinker Construction
61:26 Careening
77:25 Heavy Cavalry Archer
77:27 Arbalester
77:29 Man-at-Arms
77:55 Arson
rauni11
11:11 Feudal Age
15:22 Castle Age
13:26 Double-Bit Axe
17:05 Bow Saw
16:43 Loom
16:37 Light Cavalry
27:11 Fletching
30:23 Bodkin Arrow
33:39 Imperial Age
31:53 Elite Skirmisher
32:51 Husbandry
32:58 Padded Archer Armor
33:39 Thumb Ring
34:31 Leather Archer Armor
35:10 Gold Mining
35:10 Stone Mining
36:57 Two-Man Saw
36:35 Wheelbarrow
37:23 Chemistry
37:25 Ballistics
37:14 Elite Elephant Archer
40:22 Conscription
41:59 Medical Corps
46:42 Bracer
63:54 Caravan
70:38 Ring Archer Armor
79:48 Bombard Tower
84:40 Hand Cart
nilendra.sinha
5:07 Loom
11:25 Feudal Age
12:18 Horse Collar
13:40 Wheelbarrow
17:49 Castle Age
15:39 Double-Bit Axe
16:45 Gold Mining
17:38 Forging
18:49 Scale Barding Armor
19:13 Stone Mining
19:59 Scale Mail Armor
22:18 Chain Barding Armor
21:46 Pikeman
24:44 Gold Shaft Mining
26:22 Bow Saw
26:39 Bloodlines
29:23 Hand Cart
30:25 Iron Casting
33:43 Imperial Age
31:02 Town Watch
32:16 Padded Archer Armor
32:35 Chain Mail Armor
35:20 Conscription
34:28 Capped Ram
40:15 Siege Ram
47:02 Plate Mail Armor
46:33 Padded Archer Armor
48:12 Caravan
49:10 Plate Barding Armor
49:10 Halberdier
55:17 Elite Boyar
56:50 Squires
57:52 Blast Furnace
66:07 Leather Archer Armor
65:43 Fletching
75:17 Two-Man Saw
78:26 Druzhina
Naghadatha
0:36 Loom
10:42 Feudal Age
16:26 Castle Age
14:59 Double-Bit Axe
15:37 Horse Collar
27:00 Gold Mining
28:37 Ballistics
32:08 Fletching
34:53 Imperial Age
33:46 Wheelbarrow
34:08 Scale Barding Armor
34:36 Murder Holes
36:40 Chemistry
35:49 Stone Mining
37:10 Conscription
37:13 Caravan
37:33 Hand Cart
38:55 Husbandry
38:54 Crossbowman
39:44 Thumb Ring
39:39 Arbalester
40:40 Padded Archer Armor
41:02 Chain Barding Armor
42:58 Logistica
44:08 Onager
45:34 Leather Archer Armor
45:55 Plate Barding Armor
48:41 Elite Cataphract
51:25 Ring Archer Armor
50:51 Bodkin Arrow
52:28 Gold Shaft Mining
54:18 Forging
54:09 Bracer
57:22 Arrowslits
59:13 Pikeman
59:54 Arson
60:12 Squires
59:59 Gambesons
61:28 Greek Fire
61:26 Elite Skirmisher
62:10 Scale Mail Armor
62:46 Iron Casting
61:46 Halberdier
66:11 Fortified Wall
67:25 Chain Mail Armor
69:38 Plate Mail Armor
72:41 Elite Varangian Guard
kshatru_zan
7:47 Loom
11:32 Feudal Age
12:38 Double-Bit Axe
12:35 Horse Collar
18:17 Forging
19:30 Scale Barding Armor
24:58 Castle Age
24:00 Fletching
24:14 Scale Mail Armor
25:03 Pikeman
25:44 Squires
28:08 Chemistry
31:07 Wheelbarrow
30:18 Town Watch
31:42 Bodkin Arrow
34:45 Hand Cart
37:40 Chain Mail Armor
37:28 Padded Archer Armor
-300
10:32 Feudal Age
12:33 Double-Bit Axe
21:25 Castle Age
21:06 Gold Mining
21:13 Stone Mining
21:18 Fletching
21:41 Forging
21:34 Scale Mail Armor
21:38 Padded Archer Armor
27:17 Bodkin Arrow
29:57 Wheelbarrow
31:54 Iron Casting
31:35 Chain Mail Armor
31:35 Leather Archer Armor
34:07 Imperial Age
31:53 Hand Cart
32:01 Hand Cart
43:33 Elite Longbowman
47:28 Bracer
48:04 Iron Casting
47:46 Chain Mail Armor
47:46 Leather Archer Armor
49:17 Caravan
49:50 Coinage
50:16 Yeomen
50:19 Conscription
53:59 Gold Shaft Mining
54:52 Chemistry
54:12 Ballistics
53:49 Man-at-Arms
56:37 Blast Furnace
56:07 Plate Mail Armor
56:08 Ring Archer Armor
61:37 Fortified Wall
61:19 Arrowslits
xiaoye
10:28 Feudal Age
12:10 Horse Collar
12:28 Loom
16:24 Castle Age
15:05 Double-Bit Axe
18:12 Bow Saw
19:39 Heavy Plow
24:37 Szlachta Privileges
25:23 Squires
26:11 Bloodlines
26:47 Town Watch
28:27 Husbandry
28:41 Forging
30:04 Scale Barding Armor
33:46 Imperial Age
31:55 Wheelbarrow
32:28 Gold Mining
33:09 Hand Cart
32:49 Fletching
33:53 Cavalier
36:39 Conscription
37:35 Iron Casting
37:21 Chain Barding Armor
36:58 Bodkin Arrow
39:28 Chemistry
46:42 Blast Furnace
45:43 Scale Mail Armor
45:44 Padded Archer Armor
45:44 Bracer
46:32 Onager
48:58 Hoardings
48:49 Lechitic Legacy
48:05 Sappers
48:46 Siege Engineers
48:52 Masonry
51:09 Light Cavalry
52:00 Winged Hussar
71:02 Crop Rotation
79:02 Leather Archer Armor
79:03 Chain Mail Armor
84:52 Elite Skirmisher
Connection lost

Rejoining the realm…

Still unreachable

The connection could not be restored.

Session expired

The server has moved on; the page needs a fresh start.